 Dungeon Crawl Stone Soup version 0.30-a0-860-g512cf1e979 (webtiles) character file.

Game seed: 18295394078602691418

688 mistaj the Trooper (level 7, -2/39 HPs)
             Began as a Vine Stalker Fighter on Mar 7, 2023.
             Was an Initiate of Gozag.
             Slain by a two-headed ogre
             ... wielding a +0 giant club
              (18 damage)
             ... on level 5 of the Dungeon.
             The game lasted 00:06:26 (4170 turns).

mistaj the Trooper (Vine Stalker Fighter)           Turns: 4170, Time: 00:06:27

Health: -2/39      AC: 10    Str: 21    XL:     7   Next: 63%
Magic:  0/8        EV: 15    Int: 14    God:    Gozag
Gold:   325        SH:  5    Dex: 13    Spells: 6/6 levels left

rFire   . . .      SeeInvis .    D - +4 hand axe of Kesalod {heavy, Stlth+}
rCold   . . .      Faith    .    c - +0 buckler
rNeg    . . .      Spirit   +    C - +4 ring mail
rPois   .          Reflect  .    (no helmet)
rElec   .          Rampage  .    (no cloak)
rCorr   .                        t - +0 pair of gloves
Will    .....                    (no boots)
Stlth   ++                       (no amulet)
HPRegen 1.06/turn                g - +6 ring of intelligence
MPRegen 0.11/turn                s - +5 ring of evasion

@: no status effects
A: fangs 2, regeneration 1, magic shield, antimagic bite, no potion heal 2
a: Renounce Religion, Potion Petition, Call Merchant, Bribe Branch


You were on level 5 of the Dungeon.
You worshipped Gozag.
Gozag was aware of your devotion.
You visited 2 branches of the dungeon, and saw 6 of its levels.

You collected 385 gold pieces.
You paid 60 gold pieces to Gozag.

Inventory:

Hand Weapons
 i - a +0 whip of electrocution
 p - a +0 mace of draining
 y - a +0 heavy war axe
 D - the +4 hand axe of Kesalod (weapon) {heavy, Stlth+}
   (You found it on level 5 of the Dungeon)

   Stlth:     It makes you more stealthy.
Missiles
 k - 5 javelins (quivered)
Armour
 c - a +0 buckler (worn)
 t - a +0 pair of gloves (worn)
 C - a +4 ring mail (worn)
Jewellery
 g - a +6 ring of intelligence (left hand)
 s - a +5 ring of evasion (right hand)
Wands
 u - a wand of roots (7)
Scrolls
 b - a scroll of identify {unknown}
 e - a scroll of enchant armour {unknown}
 f - 2 scrolls of fear {unknown}
 j - 2 scrolls of immolation {unknown}
 l - 2 scrolls of noise {unknown}
 o - a scroll of teleportation {unknown}
 r - a scroll of blinking {unknown}
 v - 3 scrolls of magic mapping {unknown}
 w - a scroll of brand weapon {unknown}
 B - 2 scrolls of acquirement {unknown}
Potions
 a - a potion of haste {unknown}
 d - a potion of might
 h - 2 potions of invisibility {unknown}
 m - a potion of ambrosia {unknown}
 n - 2 potions of lignification {unknown}
 q - a potion of resistance {unknown}
 x - a potion of heal wounds {unknown}
 z - a potion of degeneration {unknown}
 A - 2 potions of attraction {unknown}


   Skills:
 + Level 5.0 Fighting
 + Level 3.1(3.7) Axes
 - Level 3.1(3.7) Maces & Flails
 - Level 2.4 Armour
 + Level 5.0 Shields


You had 6 spell levels left.
You didn't know any spells.
Your spell library contained the following spells:

 Spells                   Type           Power      Damage    Failure   Level
 Apportation              Tloc           0%         N/A       52%         1
 Ignite Poison            Fire/Tmut/Pois 0%         N/A       88%         3
 Kindle Blastsparks       Fire/Tloc/Air  0%         2d10      88%         3
 Sticky Flame             Conj/Fire      0%         2d3       99%         4
 Conjure Ball Lightning   Conj/Air       0%         3x3d6     100%        6
 Haunt                    Necr/Summ      0%         N/A       100%        7
 Discord                  Hex            0%         N/A       100%        8
 Disjunction              Tloc           0%         N/A       100%        8
 Ignition                 Fire           0%         3d3       100%        8
 Infestation              Necr           0%         N/A       100%        8
 Fire Storm               Conj/Fire      0%         5d1       100%        9
 Animate Dead             Necr           Unusable   N/A       N/A         4

Dungeon Overview and Level Annotations

Branches:
Dungeon (5/15)             Temple (1/1) D:4

Altars:
Ashenzari
Cheibriados
Dithmenos
Elyvilon
Fedhas
Gozag
Hepliaklqana
Makhleb
Nemelex Xobeh
Okawaru
Qazlal
Ru
Trog
Uskayaw
Wu Jian
Xom
Yredelemnul
Zin
The Shining One

Shops:
D:3 [


Innate Abilities, Weirdness & Mutations

You have extremely sharp teeth.
Your natural rate of healing is unusually fast.
When hurt, damage is shared between your health and your magic reserves.
Your bite disrupts and absorbs the magic of your enemies.
Potions cannot restore your health.


Message History

Things that are here:
a +0 mace; a +0 leather armour A two-headed ogre is nearby!
Found a scroll labelled GONLUTZOAXT.
Found a chain mail.
The two-headed ogre shouts in stereo!
You block the two-headed ogre's attack.
The two-headed ogre hits you with a +0 giant club!
You see here a +0 chain mail.
You barely miss the two-headed ogre. You bite the two-headed ogre.
You drain its power.
You feel invigorated.
The two-headed ogre is lightly wounded.
The two-headed ogre barely misses you. x2
You slash the two-headed ogre! You bite the two-headed ogre.
You drain its power.
The two-headed ogre is moderately wounded.
The two-headed ogre closely misses you. x2
You hit the two-headed ogre. You bite the two-headed ogre. You drain its power.
The two-headed ogre is heavily wounded.
The two-headed ogre completely misses you.
The two-headed ogre barely misses you.
You slash the two-headed ogre! Your bite misses the two-headed ogre.
The two-headed ogre is severely wounded.
The two-headed ogre hits you with a +0 giant club!!
The two-headed ogre hits you with a +0 giant club.
The two-headed ogre attacks as you move away!
You block the two-headed ogre's attack.
The two-headed ogre hits you with a +0 giant club.
The two-headed ogre attacks as you move away!
The two-headed ogre closely misses you.
The two-headed ogre hits you with a +0 giant club!
You slice the two-headed ogre!! Your bite misses the two-headed ogre.
The two-headed ogre is almost dead.
The two-headed ogre hits you with a +0 giant club! x2
The two-headed ogre attacks as you move away!
The two-headed ogre barely misses you. The two-headed ogre closely misses you.
The two-headed ogre attacks as you move away!
The two-headed ogre hits you with a +0 giant club!!
You die...
Your body crumbles into a pile of gold.

#####....# #.#
.........# #.#
#####....# #.# #.#.##
#.# #.#.# #.#
###.#.########## #.#
#...#..........####.##
#.######.....<.......#
###.# #.#####@####..#
.##.# #.#####O####..#
.##.# #.............#
.##.######.#####.####..#
.##........# #.####..#
(#########.# ##.#.....#
## #.# ##....###.# #
#.###......##.# #
#.............#


You could see a two-headed ogre.

Vanquished Creatures
  Duvessa (D:5)
  A phantom (D:5)
  A necrophage (D:5)
  Dowan (D:5)
  A howler monkey (D:5)
  An orc priest (D:5)
  A hound (D:5)
  3 iguanas
  2 orc wizards
  A hound skeleton (D:5)
  4 gnolls
  4 adders
  3 worms
  2 dart slugs
  5 orcs
  4 endoplasms
  3 giant cockroaches
  11 goblins
  3 hobgoblins
  5 jackals
  9 kobolds
  3 quokkas
  8 ball pythons
  3 bats
  3 frilled lizards
  4 rats
87 creatures vanquished.

Notes
Turn   | Place    | Note
-------+----------+-------------------------------------------
     0 | D:1      | mistaj the Vine Stalker Fighter began the quest for the
                  | Orb.
     0 | D:1      | Reached XP level 1. HP: 11/11 MP: 2/2
   224 | D:1      | Reached XP level 2. HP: 14/16 MP: 0/3
   926 | D:2      | Reached XP level 3. HP: 20/20 MP: 4/4
  1219 | D:2      | Gained mutation: Your natural rate of healing is unusually
                  | fast. [Vine Stalker growth]
  1219 | D:2      | Reached XP level 4. HP: 15/24 MP: 3/5
  1765 | D:3      | Reached skill level 1 in Maces & Flails
  1765 | D:3      | Found a shimmering altar of Xom.
  1837 | D:3      | Found Qunat's Armour Shop.
  1870 | D:3      | Reached XP level 5. HP: 27/28 MP: 6/6
  2677 | D:4      | Got the Catalogue of Shifting Kindling
  2724 | D:4      | Found a staircase to the Ecumenical Temple.
  2729 | Temple   | Entered the Ecumenical Temple
  2961 | Temple   | Became a worshipper of Gozag Ym Sagoz the Greedy
  3113 | D:4      | Found a hide-covered altar of Uskayaw.
  3291 | D:5      | Entered Level 5 of the Dungeon
  3351 | D:5      | Noticed a two-headed ogre
  3393 | D:4      | Reached XP level 6. HP: 32/33 MP: 5/7
  3550 | D:5      | Found a shadowy altar of Dithmenos.
  3602 | D:5      | Noticed Duvessa
  3626 | D:5      | Killed Duvessa
  3629 | D:5      | Reached XP level 7. HP: 38/38 MP: 8/8
  3633 | D:5      | Noticed Dowan
  3663 | D:5      | Killed Dowan
  3802 | D:5      | Found a broken altar of Ashenzari.
  3807 | D:5      | Identified the +4 hand axe of Kesalod {heavy, Stlth+}
  3832 | D:5      | Found a burning altar of Makhleb.
  3845 | D:5      | Reached skill level 5 in Fighting
  4034 | D:5      | Reached skill level 5 in Shields
  4170 | D:5      | Slain by a two-headed ogre

Illustrated notes

Levels and vault maps discovered:
D:1:      matt_arrival_diagonals, layout_basic, chequers_serial_rivers_marsh
D:2:      layout_loops_ring, st_stairs_10
D:3:      layout_loops_ring, mainiacjoe_overflow_brackets, serial_shops,
          nicolae_shop_temple_entry_statues_fountains
D:4:      layout_loops_ring, mainiacjoe_overflow_alcove_4,
          minmay_temple_entry_glassed_door
D:5:      layout_loops_ring, lemuel_doored_altar, makhleb_blood_cavern_becter,
          nicolae_dithmenos_through_a_glass_darkly,
          lemuel_coloured_pillars_altar, uniq_duvessa
Temple:   dpeg_chambers_temple

Skill      XL: |  1  2  3  4  5  6  7 |
---------------+----------------------+-----
Axes           | 2 3 |  3.1
Fighting       | 3 4 5 |  5.0
Shields        | 3 4 5 |  5.0
Maces & Flails | 1 2 3 |  3.1
Armour         | |  2.4

Action                     |  1- 3 |  4- 6 |  7- 9 || total
---------------------------+-------+-------+-------++-------
  Melee: War axe           |    96 |       |       ||    96
         Bite              |    23 |    36 |    10 ||    69
         Whip              |     7 |   138 |     5 ||   150
         Hand axe          |       |       |    19 ||    19
 Armour: Scale mail        |    47 |    15 |       ||    62
         Plate armour      |       |    16 |     2 ||    18
         Ring mail         |       |       |     6 ||     6
  Dodge: Dodged            |    44 |    47 |    20 ||   111
  Block: Buckler           |    24 |    28 |     6 ||    58

Table legend: (Time is in decaauts)
 A = Elapsed time spent in this place.
 B = Non-inter-level travel time spent in this place.
 C = Inter-level travel time spent in this place.
 D = Time resting spent in this place.
 E = Time spent auto-exploring this place.
 F = Levels seen in this place.
 G = Mean time per level.
                   A        B        C        D        E       F      G
               +--------+--------+--------+--------+--------+-----+--------+
         Total |   4231 |   4092 |    139 |    258 |   2834 |   6 |  705.2 |
       Dungeon |   3990 |   3858 |    132 |    258 |   2643 |   5 |  798.0 |
        Temple |    240 |    233 |      7 |      0 |    191 |   1 |  240.0 |
               +--------+--------+--------+--------+--------+-----+--------+

Top non-repeatable levels by time:
     D:2: 906 daAuts
     D:1: 861 daAuts
     D:5: 834 daAuts
     D:4: 758 daAuts
     D:3: 628 daAuts
  Temple: 240 daAuts
